Map: Cerulean Fall LE

Players

OldGregg - Winner!

  • Race: Zerg Zerg
  • League: Platinum
  • Spawn Location: 7:00

VOD

Have the link to the VOD?

Description

Time

  • Played on: Nov. 18, 2018, 7:38 a.m.
  • Length: 20:45
Show
View Real Time Build Order
Export as new Build Order

OldGregg Zerg - Winner!

Build Orders:  

Get SALT Encoding   

  12  0:03  Drone  
  13  0:18  Overlord  
  13  0:27  Drone  
  14  0:46  Drone x2  
  14  0:49  Drone  
  17  1:17  Hatchery  
  16  1:20  Drone  
  16  1:25  Drone  
  18  1:39  Extractor  
  17  1:45  Spawning Pool  
  16  1:50  Drone  
  16  1:54  Drone  
  18  2:11  Drone  
  18  2:18  Drone  
  20  2:35  Overlord  
  20  2:49  Drone  
  21  2:57  Queen  
  21  2:58  Queen  
  21  2:59  Zergling x2  
  26  3:03  Drone  
  27  3:13  Drone  
  27  3:19  Drone  
  29  3:28  Zergling x2  
  30  3:34  Drone  
  31  3:52  Overlord  
  31  3:56  Metabolic Boost  
  31  4:00  Hatchery  
  31  4:01  Overlord  
  30  4:18  Drone x2  
  32  4:32  Queen  
  32  4:34  Overlord x2  
  32  4:35  Drone  
  32  4:36  Drone  
  36  4:57  Drone x4  
  36  4:59  Zergling x8  
  43  5:28  Drone  
  43  5:29  Drone x2  
  46  5:38  Roach Warren, Overlord x2  
  46  5:39  Extractor  
  44  5:43  Drone x3  
  44  5:45  Zergling x2, Baneling Nest  
  47  5:56  Zergling x2  
  47  5:57  Zergling x8  
  43  6:11  Zergling x2  
  43  6:12  Zergling x4  
  43  6:30  Zergling x6  
  43  6:31  Zergling x10  
  50  6:49  Baneling x4  
  50  6:50  Baneling x2  
  50  6:57  Drone x3  
  53  7:02  Queen  
  53  7:04  Queen, Extractor  
  56  7:25  Roach x2  
  58  7:37  Roach  
  60  7:43  Drone  
  60  7:44  Drone x5  
  60  7:46  Drone  
  67  7:50  Zergling x6  
  67  7:56  Queen  
  72  8:00  Roach x3  
  78  8:10  Overlord  
  78  8:11  Overlord  
  78  8:15  Drone  
  79  8:27  Roach  
  81  8:40  Queen  
  81  8:42  Overlord x2  
  81  8:46  Roach x6  
  95  9:01  Drone  
  95  9:03  Evolution Chamber  
  95  9:04  Drone x3  
  95  9:05  Overlord  
  95  9:06  Evolution Chamber, Overlord  
  97  9:11  Lair  
  97  9:14  Roach x2  
  87  9:49  Zergling x8  
  79  9:50  Zergling x10  
  79  9:51  Zergling x4  
  79  9:59  Zerg Missile Weapons Level 1  
  86  10:00  Zerg Ground Armor Level 1  
  86  10:06  Roach x3  
  92  10:15  Roach x4  
  100  10:21  Extractor  
  99  10:38  Hydralisk Den  
  98  10:49  Zergling x4  
  100  10:50  Zergling x12  
  100  10:51  Zergling x4  
  100  10:56  Centrifical Hooks  
  100  10:58  Baneling  
  108  11:01  Baneling  
  108  11:08  Overseer  
  108  11:36  Extractor  
  108  11:37  Extractor, Drone x6  
  108  11:38  Hatchery  
  108  11:39  Drone x3  
  114  11:41  Drone x3  
  117  11:50  Roach x2  
  117  11:52  Spine Crawler  
  117  11:54  Baneling  
  117  11:55  Baneling x5  
  117  11:56  Baneling x5  
  117  11:57  Baneling x2  
  120  12:02  Hydralisk  
  122  12:24  Hydralisk x2  
  122  12:25  Hydralisk x2  
  127  13:58  Overlord x4  
  127  13:59  Overlord x6  
  127  14:00  Overlord  
  100  14:23  Zergling x8  
  100  14:24  Hydralisk x2  
  100  14:25  Hydralisk x5  
  100  14:26  Roach x2, Hydralisk x4  
  100  14:27  Roach x3, Hydralisk x2  
  132  14:35  Queen  
  134  14:45  Roach x2, Hydralisk x2  
  142  14:59  Zergling x8  
  146  15:00  Infestation Pit  
  144  15:17  Drone x2  
  144  15:18  Drone x3  
  144  15:19  Glial Reconstitution  
  147  15:21  Zerg Missile Weapons Level 2  
  147  15:26  Overseer  
  147  15:30  Baneling x4  
  147  15:31  Baneling x4  
  147  15:51  Hydralisk  
  147  15:52  Roach, Hydralisk x3  
  157  16:25  Hydralisk  
  157  16:26  Hydralisk x5  
  157  16:27  Hydralisk x3  
  175  16:33  Unknown  
  126  17:15  Roach x4, Hydralisk x5  
  126  17:16  Roach x4, Hydralisk x3  
  156  17:20  Zergling x2  
  157  17:44  Queen  
  157  17:45  Drone  
  157  17:46  Drone x6  
  166  17:52  Extractor  
  166  17:55  Extractor  
  166  17:57  Spore Crawler  
  163  18:10  Overseer  
  163  18:11  Overseer  
  163  18:20  Zergling x4  
  163  18:21  Zergling x12  
  163  18:22  Zergling x4  
  163  18:23  Zergling x2  
  162  18:45  Hive  
  154  18:59  Zergling x6  
  157  19:00  Zergling x22  
  160  19:27  Baneling x5  
  160  19:28  Baneling x6  
Tags
 
Add a new tag
Caveats
  • Supply blocks, unpowered buildings, or Contaminate may cause inaccurate times.
  • Supply counts are checked every 10 seconds.